 Dungeon Crawl Stone Soup version 0.25.1-8-g42b30a86e7 (webtiles) character file.

Game seed: 9875189918674881218

2506 hawla the Destroyer (level 9, -2/62 HPs)
             Began as a Red Draconian Conjurer on Dec 8, 2020.
             Was an Initiate of Vehumet.
             Slain by Harold
             ... wielding a +1 hand axe of freezing
              (3 damage)
             ... on level 7 of the Dungeon.
             The game lasted 00:19:00 (8165 turns).

hawla the Destroyer (Red Draconian Conjurer)        Turns: 8165, Time: 00:19:01

Health: -2/62      AC:  9    Str:  8 (11) XL:     9   Next: 28%
Magic:  4/19       EV: 12    Int: 17 (19) God:    Vehumet [......]
Gold:   346        SH:  0    Dex:  8 (11) Spells: 15/22 levels left

rFire    + + .     SeeInvis .   t - staff of earth
rCold    . . .     Gourm    .   (no shield)
rNeg     . . .     Faith    .   (armour unavailable)
rPois    .         Spirit   .   n - +2 hat
rElec    .         Reflect  .   (no cloak)
rCorr    .         Harm     .   (no gloves)
MR       .....                  (no boots)
Stlth    ++........             (no amulet)
HPRegen  0.20/turn              p - ring of protection from fire
MPRegen  0.16/turn              (no ring)

@: marked
A: breathe fire, unfitting armour, fire resistance 1, cold-blooded, AC +7
a: Breathe Fire, Renounce Religion


You were on level 7 of the Dungeon.
You worshipped Vehumet.
Vehumet was noncommittal.
You were very hungry.

You visited 2 branches of the dungeon, and saw 8 of its levels.

You collected 346 gold pieces.

Inventory:

Missiles
 i - 13 poisoned darts (quivered)
 l - 7 atropa-tipped darts
Armour
 n - a +2 hat (worn)
Magical Staves
 t - an uncursed staff of earth (weapon)
Jewellery
 e - an uncursed amulet of guardian spirit
 p - a ring of protection from fire (left hand)
Wands
 d - a wand of polymorph (8)
 j - a wand of flame (19)
Scrolls
 f - 2 scrolls of teleportation
 g - 3 scrolls of magic mapping
 h - 3 scrolls of remove curse
 m - 4 scrolls of identify
 o - a scroll of enchant armour
 q - 2 scrolls of amnesia
 s - 2 scrolls of noise {unknown}
 u - a scroll of blinking {unknown}
Potions
 a - 3 potions of curing
 c - a potion of stabbing
 k - a potion of haste
Comestibles
 b - 22 rations


   Skills:
 - Level 1.7 Dodging
 - Level 1.7 Stealth
 + Level 7.1 Spellcasting
 + Level 8.4 Conjurations
 + Level 6.9 Translocations


You had 15 spell levels left.
You knew the following spells:

 Your Spells              Type           Power        Failure   Level  Hunger
a - Magic Dart            Conj           ####         1%          1    None
b - Searing Ray           Conj           ####..       1%          2    None
c - Iskenderun's Mystic   Conj/Tloc      ####....     4%          4    ####...

Your spell library contained the following spells:

 Spells                   Type           Power        Failure   Level  Hunger
 Dazzling Flash           Conj/Hex       ###...       6%          3    ##.....
 Fulminant Prism          Conj/Hex       ###.......   21%         4    ####...


Dungeon Overview and Level Annotations

Branches:
Dungeon (7/15)             Temple (1/1) D:6

Altars:
Ashenzari
Cheibriados
Dithmenos
Elyvilon
Fedhas
Gozag
Hepliaklqana
Kikubaaqudgha
Nemelex Xobeh
Qazlal
Ru
Sif Muna
Trog
Uskayaw
Vehumet
Wu Jian
Xom
Yredelemnul
Zin
The Shining One

Shops:
D:4 =

Annotations:
D:7 Harold


Innate Abilities, Weirdness & Mutations

You can breathe blasts of fire.
Your fiery red scales are hard. (AC +7)
You cannot fit into any form of body armour.
Your flesh is heat resistant. (rF+)
You are cold-blooded and may be slowed by cold attacks.


Message History

It was a potion of degeneration.
There was something very wrong with that liquid.
You feel weakened.
You feel dopey.
You feel clumsy.
It was a potion of cancellation.
Your magical effects are unravelling.
You feel magically purged.
You feel yourself slow down.
Harold points at you and mumbles some strange words.
A sentinel's mark forms upon you.
Okay, then.
Evoke which item? (* to show all) (? for menu, Esc to quit)
Aiming: Throw Flame
Press: ? - help, Shift-Dir - straight line, f/p - Harold
Aim: Harold, wielding a +1 hand axe of freezing and wearing a +1 chain mail of cold resistance (heavily wounded)
The puff of flame hits Harold.
Harold is severely wounded.
Harold hits you with a +1 hand axe of freezing!!
* * * LOW HITPOINT WARNING * * *
Harold freezes you.
You die...

### ###..### ##
###......### ..
#..####....# ....####.###
#..........# #...........
##.###..###.###...........
........@@...(............
##############............
#............
#>...........
#............
##........... ##..........
### #####.###### #.####
#.....# #..#


You could see Harold.

Vanquished Creatures
  A human (D:7)
  A yak (D:7)
  3 hogs (D:7)
  An orc warrior (D:7)
  A phantom (D:6)
  4 ogres
  2 centaurs
  Blork the orc (D:5)
  3 bullfrogs
  A wight (D:6)
  A howler monkey (D:4)
  A crimson imp (D:5)
  A centaur zombie (D:6)
  4 orc priests
  A gnoll shaman (D:4)
  2 hounds
  2 iguanas
  An orc wizard (D:4)
  4 worker ants (D:4)
  A hound zombie (D:5)
  12 gnolls
  8 adders
  3 river rats (D:5)
  2 shadow imps
  2 oozes
  3 worms
  3 dart slugs (D:1)
  3 leopard geckos
  21 orcs
  7 giant cockroaches
  3 hobgoblins
  7 jackals
  4 kobolds (D:1)
  3 quokkas
  A bat (D:2)
  7 frilled lizards
  4 goblins
  A jackal skeleton (D:7)
  A leopard gecko zombie (D:7)
  4 rats
135 creatures vanquished.

Vanquished Creatures (others)
  A plant (D:5)
1 creature vanquished.

Grand Total: 136 creatures vanquished

Notes
Turn   | Place    | Note
-------+----------+-------------------------------------------
     0 | D:1      | hawla the Draconian Conjurer began the quest for the Orb.
     0 | D:1      | Reached XP level 1. HP: 14/14 MP: 3/3
   279 | D:1      | Reached XP level 2. HP: 20/20 MP: 0/5
   283 | D:1      | Learned a level 2 spell: Searing Ray
   709 | D:1      | Reached XP level 3. HP: 26/26 MP: 4/7
  1708 | D:3      | Noticed an ogre
  1719 | D:3      | Killed an ogre
  1719 | D:3      | Reached skill level 5 in Conjurations
  1719 | D:3      | Reached XP level 4. HP: 33/33 MP: 0/9
  1725 | D:3      | Learned a level 4 spell: Iskenderun's Mystic Blast
  1816 | D:3      | Reached XP level 5. HP: 38/38 MP: 7/10
  2131 | D:3      | Reached skill level 1 in Translocations
  2153 | D:3      | Found a bloodstained altar of Trog.
  2879 | D:4      | Reached XP level 6. HP: 45/45 MP: 3/12
  3425 | D:4      | Found a hide-covered altar of Uskayaw.
  3567 | D:4      | Found a shimmering altar of Xom.
  3719 | D:4      | Your scales start taking on a fiery red colour.
  3719 | D:4      | Reached XP level 7. HP: 41/50 MP: 5/13
  3719 | D:4      | Gained mutation: Your flesh is heat resistant. (rF+) [Red
                  | Draconian growth]
  4092 | D:4      | Found Omumok Ehipt's Jewellery Boutique.
  4147 | D:4      | Reached skill level 6 in Conjurations
  4485 | D:5      | Entered Level 5 of the Dungeon
  4582 | D:5      | Reached skill level 5 in Spellcasting
  4991 | D:5      | Found an opulent altar of Gozag.
  4991 | D:5      | Noticed Blork the orc
  4993 | D:5      | Killed Blork the orc
  5367 | D:5      | Reached XP level 8. HP: 57/57 MP: 13/16
  5699 | D:6      | Reached skill level 5 in Translocations
  5748 | D:6      | Found a staircase to the Ecumenical Temple.
  6085 | Temple   | Entered the Ecumenical Temple
  6206 | D:6      | Reached skill level 7 in Conjurations
  6303 | D:6      | Found a radiant altar of Vehumet.
  6314 | D:6      | Became a worshipper of Vehumet
  7575 | D:7      | Reached skill level 8 in Conjurations
  7575 | D:7      | Reached XP level 9. HP: 40/62 MP: 3/19
  7940 | D:7      | Found a radiant altar of Vehumet.
  8146 | D:7      | Noticed Harold
  8165 | D:7      | HP: 1/62 [Harold/+1 hand axe of freezing (18)]
  8165 | D:7      | Slain by Harold

Illustrated notes

Levels and vault maps discovered:
D:1:      minmay_arrival_four_houses, layout_rooms, minmay_bisected
D:2:      layout_basic, first_ration
D:3:      layout_basic, lemuel_round_altar
D:4:      layout_loops_corners, lemuel_round_altar, kennysheep_mini_moat,
          serial_shops, shop, minmay_crossroads
D:5:      wad_woods_settlement, layout_basic, grunt_gozag_statues,
          uniq_blork_the_orc
D:6:      minmay_chambers_of_fours, layout_rooms, minmay_temple_entry_slanted,
          minmay_ruined_shrine
D:7:      layout_rooms, vehumet_altar_wand_db, grunt_livestock,
          minmay_misc_feat_x, serial_park_tiny_2,
          corexii_mini_fake_secret_closet, uniq_harold
Temple:   regret_index_temple_waves

Skill      XL: |  1  2  3  4  5  6  7  8  9 |
---------------+----------------------------+-----
Spellcasting   | 3 4 5 6 7 |  7.1
Conjurations   | 5 6 8 |  8.4
Translocations | 2 3 4 6 |  6.9
Dodging        | |  1.7
Stealth        | |  1.7

Action                   |  1- 3 |  4- 6 |  7- 9 || total
-------------------------+-------+-------+-------++-------
Melee: Unarmed           |    24 |    25 |    45 ||    94
       Tailslap          |     5 |     2 |     3 ||    10
Throw: Dart              |       |       |     4 ||     4
 Cast: Magic Dart        |    43 |    31 |    33 ||   107
       Searing Ray       |     9 |    24 |    49 ||    82
       Iskenderun's Myst |       |     1 |    22 ||    23
 Abil: Breathe Fire      |       |       |     2 ||     2
Evoke: Wand              |       |       |     1 ||     1
  Use: Scroll            |     8 |     2 |     2 ||    12
       Potion            |       |     1 |    12 ||    13
  Eat: Chunk             |     3 |     7 |    13 ||    23
       Ration            |       |       |     1 ||     1
Armor: Skin              |    12 |    12 |    46 ||    70
Dodge: Dodged            |    16 |    21 |    74 ||   111
